 Seeded DCSS version 0.28.0 (webtiles) character file.

Game seed: 7353604531635345990 (custom seed)

14 Nonny the Stinger (level 2, -1/19 HPs)
             Began as a Merfolk Venom Mage on Feb 6, 2022.
             Slain by a rat (3 damage)
             ... on level 1 of the Dungeon.
             The game lasted 00:03:27 (372 turns).

Nonny the Stinger (Merfolk Venom Mage)               Turns: 372, Time: 00:03:28

Health: -1/19      AC:  2    Str:  8    XL:     2   Next: 41%
Magic:  5/5        EV: 12    Int: 14    God:
Gold:   17         SH:  0    Dex: 14    Spells: 4/5 levels left

rFire   . . .      SeeInvis .   b - staff of poison
rCold   . . .      Faith    .   (no shield)
rNeg    . . .      Spirit   .   a - +0 robe
rPois   +          Reflect  .   (no helmet)
rElec   .          Harm     .   (no cloak)
rCorr   .          Rampage  .   (no gloves)
Will    +....                   (no boots)
Stlth   ++........              (no amulet)
HPRegen 0.06/turn               c - ring of willpower
MPRegen 0.09/turn               (no ring)

@: no status effects
A: (nimble swimmer 2), mertail
a: no special abilities


You were on level 1 of the Dungeon.
You visited 1 branch of the dungeon, and saw 1 of its levels.

You collected 17 gold pieces.

Inventory:

Missiles
 d - 4 boomerangs
Armour
 a - a +0 robe (worn)
Magical Staves
 b - a staff of poison (weapon)
Jewellery
 c - a ring of willpower (left hand)


   Skills:
 + Level 2.8 Dodging
 * Level 2.6 Stealth
 + Level 2.2 Spellcasting
 - Level 1.3 Transmutations
 + Level 3.6 Poison Magic


You had 4 spell levels left.
You knew the following spells:

 Your Spells              Type           Power      Damage    Failure   Level
a - Sting                 Tmut/Pois      48%        1d5       9%          1

Your spell library contained the following spells:

 Spells                   Type           Power      Damage    Failure   Level
 Poisonous Vapours        Pois/Air       18%        N/A       17%         2
 Mephitic Cloud           Conj/Pois/Air  7%         N/A       38%         3
 Olgreb's Toxic Radiance  Pois           17%        N/A       45%         4


Dungeon Overview and Level Annotations

Branches:
Dungeon (1/15)

Altars:

Shops:
D:1 !*


Innate Abilities, Weirdness & Mutations

((You are very nimble when in or above water. (Stealth+, EV+, Speed+++)))
Your lower body shifts to a powerful aquatic tail in water.


Message History

The endoplasm is moderately wounded.
The endoplasm freezes you.
You are frozen.
* * * LOW HITPOINT WARNING * * *
You barely miss the endoplasm.
The endoplasm is moderately wounded.
The endoplasm freezes you.
You are frozen.
* * * LOW HITPOINT WARNING * * *
You see here a +0 dagger.
The endoplasm hits you.
* * * LOW HITPOINT WARNING * * *
You see here a +0 dagger.
The endoplasm quivers.
Casting: Sting (safe; 9% risk of failure)
Confirm with . or Enter, or press ? or * to list all spells.
Aiming: Sting (safe; 9% risk of failure)
Press: ? - help, Shift-Dir - straight line, f/p - endoplasm
Aim: an endoplasm (lightly wounded, 98% to hit)
You feel a surge of power!
The sting hits the endoplasm.
The endoplasm partially resists.
The endoplasm is severely wounded.
You see here a +0 dagger.
You see here a +0 dagger.
You see here a +0 dagger.
The endoplasm closely misses you.
Press: ? - help, v - describe, . - travel
Here: an endoplasm (moderately wounded)
The floor.
A rat comes into view.
You closely miss the rat. The rat barely misses you. The endoplasm freezes you.
You are frozen.
* * * LOW HITPOINT WARNING * * *
The rat bites you.
* * * LOW HITPOINT WARNING * * *
The rat bites you but does no damage. The rat bites you but does no damage.
The rat bites you.
You die...

#..#...##.##...#...
##.#.#.#...#.#.#.##
#...#...#...#...#
##.#.#.#...#.#.#.##
#..#...##.##...#..#
####.#.#....)..#.#.##
..#...##.###.##...##
##.#...........#.##
#.@##.###.###.##..#
##Jr.............##
##.###.###.###.###
### ### ### ####


You could see an endoplasm and a rat.

Vanquished Creatures
  A dart slug (D:1)
  2 endoplasms (D:1)
  3 goblins (D:1)
  2 kobolds (D:1)
  2 rats (D:1)
10 creatures vanquished.

Notes
Turn   | Place    | Note
-------+----------+-------------------------------------------
     0 | D:1      | Nonny the Merfolk Venom Mage began the quest for the Orb.
     0 | D:1      | Reached XP level 1. HP: 13/13 MP: 3/3
   133 | D:1      | Found Ramitu's Distillery.
   164 | D:1      | Reached XP level 2. HP: 8/19 MP: 3/5
   172 | D:1      | Found Gaaqoh's Assorted Antiques.
   372 | D:1      | Slain by a rat

Illustrated notes

Levels and vault maps discovered:
D:1:      onia_arrival_mini_spirals, layout_loops_ring, serial_shops,
          shop_statue, shop, nicolae_shop_stone,
          nicolae_shop_bloodbath_and_beyond, nicolae_shop_overgrown_old_shop,
          roderic_lattice_a, kennysheep_minor_cross, st_stairs_8,
          nicolae_concentric_dashed_squares_wild

Action                   || total
-------------------------++-------
Melee: Unarmed           ||     6
       Staff             ||    10
 Cast: Sting             ||    11
 Stab: Sleeping          ||     1
Armor: Robe              ||     3
Dodge: Dodged            ||     7
